 Dungeon Crawl Stone Soup version 0.23-a0-713-ge59bbb1 (webtiles) character file.

213 Blackhawk the Chopper (level 5, -5/41 HPs)
             Began as a Demonspawn Gladiator on Jan 15, 2019.
             Slain by Menkaure (7 damage)
             ... in the Ecumenical Temple.
             The game lasted 00:03:24 (3558 turns).

Blackhawk the Chopper (Demonspawn Gladiator)        Turns: 3558, Time: 00:03:25

Health: -5/41      AC: 12    Str: 16    XL:     5   Next: 59%
Magic:  5/5        EV:  8    Int:  9    God:
Gold:   204        SH:  0    Dex: 14    Spells: 4/4 levels left

rFire    . . .     SeeInvis .   a - +0 war axe
rCold    . . .     Gourm    .   (no shield)
rNeg     . . .     Faith    .   l - +0 chain mail
rPois    .         Spirit   .   c - +0 helmet
rElec    .         Reflect  .   (no cloak)
rCorr    .         Harm     .   (no gloves)
MR       .....                  (no boots)
Stlth    ..........             (no amulet)
HPRegen  0.13/turn              i - ring of wizardry
MPRegen  0.09/turn              (no ring)

@: lethally poisoned (-5 -> -11)
A: claws 1, molten scales 2, rot immunity
a: no special abilities


You were in the Ecumenical Temple.
You were not hungry.

You visited 2 branches of the dungeon, and saw 5 of its levels.

You collected 204 gold pieces.

Inventory:

Hand Weapons
 a - a +0 war axe (weapon)
Missiles
 d - 3 throwing nets (quivered)
Armour
 b - a +0 leather armour
 c - a +0 helmet (worn)
 l - a +0 chain mail (worn)
Jewellery
 i - a ring of wizardry (left claw)
Scrolls
 e - 2 scrolls of teleportation {unknown}
 g - 4 scrolls of remove curse {unknown}
 j - 2 scrolls of amnesia {unknown}
 m - 2 scrolls of fog {unknown}
 n - a scroll of fear {unknown}
Potions
 h - 2 potions of flight {unknown}
 k - a potion of cancellation {unknown}
 o - a potion of agility {unknown}
 p - 3 potions of curing {unknown}
 r - a potion of lignification {unknown}
Comestibles
 f - 6 rations


   Skills:
 + Level 3.3 Fighting
 + Level 3.7 Axes
 + Level 3.0 Throwing
 + Level 3.7 Dodging


You had 4 spell levels left.
You didn't know any spells.
Your spell library was empty.

Dungeon Overview and Level Annotations

Branches:
Dungeon (4/15)             Temple (1/1) D:4

Altars:
Ashenzari
Cheibriados
Dithmenos
Makhleb
Nemelex Xobeh
Okawaru
Uskayaw
Zin
The Shining One

Annotations:
Temple Menkaure


Innate Abilities, Weirdness & Mutations

You have sharp fingernails.
You are mostly covered in molten scales. (AC +3)
You are immune to rotting.


Message History

You barely miss Menkaure.
Menkaure is severely damaged.
Your chain mail prevents you from hitting the adder.
The adder bites you but does no damage. x2
Menkaure hits you but does no damage.
You hit Menkaure.
Menkaure is almost destroyed.
You closely miss the adder. The adder bites you.
* * * LOW HITPOINT WARNING * * *
The adder barely misses you.
Menkaure calls on the powers of darkness!
You feel a surge of unholy energy.
You hit Menkaure.
Menkaure is almost destroyed.
Your chain mail prevents you from hitting the adder.
The adder bites you.
* * * LOW HITPOINT WARNING * * *
You are lethally poisoned!
The adder poisons you! Menkaure hits you!
You die...

......._.......
............._.
...............
...............
...............
...............
.......M.......
_......@......_
.......S.......
...............
...............
...............
...............
._.............
.ยง....._.......


You could see Menkaure and an adder.

Vanquished Creatures
  An orc priest (D:2)
  An iguana (D:4)
  2 worker ants
  A howler monkey skeleton (D:3)
  3 adders
  A worm (D:2)
  2 dart slugs (D:3)
  2 leopard geckos
  5 orcs
  3 bats
  7 giant cockroaches
  6 hobgoblins
  3 jackals (D:3)
  8 kobolds
  2 quokkas
  3 frilled lizards
  5 goblins
  6 rats
61 creatures vanquished.

Notes
Turn   | Place    | Note
-------+----------+-------------------------------------------
     0 | D:1      | Blackhawk the Demonspawn Gladiator began the quest for the
                  | Orb.
     0 | D:1      | Reached XP level 1. HP: 16/16 MP: 1/1
   298 | D:1      | Gained mutation: You are partially covered in molten
                  | scales. (AC +2) [demonic ancestry]
   298 | D:1      | Reached XP level 2. HP: 19/22 MP: 2/2
   986 | D:2      | Gained mutation: You are immune to rotting. [demonic
                  | ancestry]
   986 | D:2      | Reached XP level 3. HP: 21/28 MP: 3/3
  1018 | D:2      | Gained mutation: You have sharp fingernails. [demonic
                  | ancestry]
  1018 | D:2      | Reached XP level 4. HP: 17/34 MP: 4/4
  1021 | D:2      | Found a shattered altar of Ashenzari.
  1361 | D:2      | Found a glowing silver altar of Zin.
  2293 | D:3      | Gained mutation: You are mostly covered in molten scales.
                  | (AC +3) [demonic ancestry]
  2293 | D:3      | Reached XP level 5. HP: 38/41 MP: 5/5
  3271 | D:4      | Found a hide-covered altar of Uskayaw.
  3273 | D:4      | Noticed a +0 hand axe
  3274 | D:4      | Noticed a +0 hand axe
  3544 | D:4      | Found a staircase to the Ecumenical Temple.
  3544 | D:4      | Noticed Menkaure
  3552 | Temple   | Entered the Ecumenical Temple
  3558 | Temple   | HP: 2/41 [adder (2)]
  3558 | Temple   | Slain by Menkaure

Vault maps used:
D:1:      sevenhm_arrival_forest_fort_large_2
D:2:      ashenzari_conservatory_becter, zin_academy, serial_aquarium,
          aquarium_bridge_square, aquarium_window_corridor_2, aquarium_window_2,
          aquarium_window_2, aquarium_view_2c, first_ration, st_stairs_6
D:4:      dancing_weapons_uskayaw, kiku_gazebo_garden_becter,
          minmay_temple_entry_water_ring, serial_shops, shop,
          minmay_a_box_with_orc_wizards_in_it, uniq_menkaure
Temple:   eino_temple_lava

Skill      XL: |  1  2  3  4  5 |
---------------+----------------+-----
Throwing       | 2 3 |  3.0
Axes           | 3 |  3.7
Dodging        | 3 |  3.7
Fighting       | 3 |  3.3

Action                   |  1- 3 |  4- 6 || total
-------------------------+-------+-------++-------
Melee: War axe           |    83 |   158 ||   241
 Stab: Sleeping          |     1 |       ||     1
       Distracted        |     1 |       ||     1
  Eat: Chunk             |       |     9 ||     9
Armor: Leather armour    |    11 |       ||    11
       Chain mail        |    36 |   118 ||   154
Dodge: Dodged            |    43 |    97 ||   140

Table legend:
 A = Non-vault XP
 B = Vault XP
 C = Vault XP percentage of total XP
 D = Non-vault monster count
 E = Vault monster count
 F = Vault count percentage of total count
                 A         B        C        D         E       F
            +---------+---------+-------+---------+---------+-------
      Total |     301 |       4 |   1.3 |      59 |       2 |   3.3
            +---------+---------+-------+---------+---------+-------
        D:1 |      17 |       0 |   0.0 |      11 |       0 |   0.0
        D:2 |     134 |       4 |   2.9 |      24 |       2 |   7.7
        D:3 |     111 |       0 |   0.0 |      22 |       0 |   0.0
        D:4 |      39 |       0 |   0.0 |       2 |       0 |   0.0
            +---------+---------+-------+---------+---------+-------
